 Dungeon Crawl Stone Soup version 0.28.0-45-g0d030f2227 (webtiles) character file.

Game seed: 10062043839374832732

80 MalarOregon the Grasshopper (level 4, 0/36 HPs)
             Began as a Palentonga Warper on Apr 18, 2022.
             Slain by Grinder (6 damage)
             ... while paralysed by Grinder
             ... on level 2 of the Dungeon.
             The game lasted 00:05:28 (2998 turns).

MalarOregon the Grasshopper (Palentonga Warper)     Turns: 2998, Time: 00:05:29

Health: 0/36       AC:  4    Str: 17    XL:     4   Next: 18%
Magic:  7/7        EV:  1    Int: 16    God:
Gold:   75         SH:  0    Dex:  9    Spells: 4/7 levels left

rFire   . . .      SeeInvis +   a - +0 mace
rCold   . . .      Faith    .   (no shield)
rNeg    . . .      Spirit   .   b - +0 leather armour
rPois   .          Reflect  .   (no helmet)
rElec   +          Harm     .   (no cloak)
rCorr   .          Rampage  .   (no gloves)
Will    .....                   (no barding)
Stlth   +.........              (no amulet)
HPRegen 0.12/turn               l - ring of Dissent {Fly rElec Str+3}
MPRegen 0.10/turn               (no ring)

@: paralysed, flying
A: large, rugged brown scales 3, see invisible, deformed body, roll 1, armoured
tail
a: Rolling Charge


You were on level 2 of the Dungeon.
You visited 1 branch of the dungeon, and saw 3 of its levels.

You collected 75 gold pieces.


Innate Abilities, Weirdness & Mutations

You are completely covered in rugged brown scales. (AC +3, +7% HP)
You have supernaturally acute eyesight. (SInv)
Armour fits poorly on your strangely shaped body.
You can roll at nearby foes to attack.
You have a long armoured tail.


   Skills:
 + Level 2.5 Fighting
 + Level 2.5 Maces & Flails
 + Level 1.1 Throwing
 + Level 1.3 Armour
 + Level 1.9 Dodging
 + Level 2.3 Spellcasting
 + Level 3.3 Translocations


You had 4 spell levels left.
You knew the following spells:

 Your Spells              Type           Power      Damage    Failure   Level
a - Summon Small Mammal   Summ           4%         N/A       24%         1
b - Blink                 Tloc           24%        N/A       9%          2

Your spell library contained the following spells:

 Spells                   Type           Power      Damage    Failure   Level
 Gell's Gravitas          Tloc           12%        N/A       19%         3
 Lesser Beckoning         Tloc           12%        N/A       19%         3
 Teleport Other           Tloc           12%        N/A       19%         3
 Call Canine Familiar     Summ           1%         N/A       56%         3
 Summon Guardian Golem    Hex/Summ       1%         N/A       56%         3
 Manifold Assault         Tloc           12%        N/A       86%         5

Inventory:

Hand Weapons
 a - a +0 mace (weapon)
Missiles
 d - 4 boomerangs of dispersal (quivered) {!f}
 m - 13 stones
Armour
 b - a +0 leather armour (worn)
Jewellery
 l - the ring of Dissent (left hand) {Fly rElec Str+3}
   (You found it on level 2 of the Dungeon)

   [ring of flight]

   Str:       It affects your strength (+3).
   rElec:     It insulates you from electricity.
   Fly:       It grants you flight.
Scrolls
 c - a scroll of blinking
 e - a scroll of fog {unknown}
 g - a scroll of amnesia {unknown}
 i - a scroll of summoning {unknown}
 j - a scroll of identify {unknown}
Potions
 f - 2 potions of heal wounds {unknown}
 h - 3 potions of invisibility {unknown}
 k - 3 potions of curing {unknown}

Dungeon Overview and Level Annotations

Branches:
Dungeon (3/15)

Altars:
Fedhas

Shops:
D:1 :(!

Annotations:
D:2 Grinder
D:3 Terence

# ##...## #####.# #
##.....## #.....# #
##.......## #.#.###
####.........###....#######
...'......................#
####.................####.#
#####........#######....#.#
...###.....#.##..÷###...#.#
.#.# ##...##.##.@5# #...#.#
.#.# ##+######...###.⌠.#.#
...# #.# #............#.#
##.# #.# #.8........###.#
...# ##.###.........^# #.#
.#.# ##...#####.......#####
.#.# #.....# #..........#
...# ##...#####........8.#
########....#............#


You could see Grinder.


Message History

You kill the ball python!
You hear a shout!
Terence the Incautious comes into view.
He is wielding a +0 falchion and wearing a +3 ring mail of cold resistance.
Roll where?
Press: ? - help, Dir - move target, f - hobgoblin
Aim: a hobgoblin You roll forward with a clatter of scales!
You closely miss the hobgoblin. The hobgoblin hits you.
Okay, then.
Really fire
d - 5 boomerangs of dispersal {!f}?
Unknown command.
Unknown command.
Roll where?
Press: ? - help, Dir - move target, f - Terence, p - hobgoblin
Aim: Terence, wielding a +0 falchion and wearing a +3 ring mail of cold resistance You roll forward with a clatter of scales!
You barely miss Terence. Terence hits you with a +0 falchion.
The hobgoblin barely misses you.
The hobgoblin hits you but does no damage.
You see here a worm corpse.
You hit the hobgoblin. The hobgoblin hits you.
You hit the hobgoblin but do no damage.
Your tail-slap misses the hobgoblin.
The hobgoblin hits you.
You hit the hobgoblin.
You kill the hobgoblin!
Press: ? - help, v - describe, . - travel, g - get item
Here: Terence, wielding a +0 falchion and wearing a +3 ring mail of cold resistance
Items here: 7 gold pieces; a hobgoblin corpse.
The floor.
Unknown command.
Press: ? - help, v - describe, . - travel, g - get item
Here: Terence, wielding a +0 falchion and wearing a +3 ring mail of cold resistance
Items here: 7 gold pieces; a hobgoblin corpse.
The floor.
Unknown command.
Unknown command.
Unknown command.
You fly up into the air.
You feel stronger.
l - the ring of Dissent (left hand) {Fly rElec Str+3} Terence hits you with a +0 falchion.
You barely miss Terence. Terence barely misses you.
You closely miss Terence. Terence hits you with a +0 falchion.
* * * LOW HITPOINT WARNING * * *
You hit Terence. Terence hits you with a +0 falchion!
* * * LOW HITPOINT WARNING * * *
Terence hits you with a +0 falchion.
* * * LOW HITPOINT WARNING * * *
Things that are here:
7 gold pieces; a hobgoblin corpse Terence screams, "I'm going to kill you!"
Terence shouts, "DIE!!!"
Terence shouts, "Get ready for death!"
Terence bares his teeth.
Terence asks, "Do you want it fast or slow?"
Terence says, "Did you write a will?
You should..."
You see here a bat corpse.
There is a stone staircase leading up here.
You fly upwards.
There is a stone staircase leading down here.
You start resting.
Unknown command.
There is an open door here.
You see here a +0 leather armour.
There is a stone staircase leading down here.
You fly downwards.
Level annotation: Grinder, Terence
There is a stone staircase leading up here.
Found a falchion.
Grinder is nearby!
Grinder shouts!
Grinder blinks!
Grinder gestures at you.
You suddenly lose the ability to move!
Grinder gestures at you. Pain shoots through your body!
You can move again.
Unknown command.
Grinder blinks!
Grinder hits you. Grinder hits you.
You writhe in agony.
* * * LOW HITPOINT WARNING * * *
There is a stone staircase leading up here.
Unknown command.
Grinder barely misses you.
You fly upwards.
There is a stone staircase leading down here.
Throw: 5 boomerangs (disperse) {!f}
Press: ? - help, Q - select action, (/) - cycle Shift-Dir - straight line, f - Grinder
Aim: Grinder (50% to hit)
You throw a boomerang of dispersal {!f}.
The boomerang of dispersal {!f} closely misses Grinder.
Grinder gestures at you.
You suddenly lose the ability to move!
Grinder hits you but does no damage. Grinder hits you.
* * * LOW HITPOINT WARNING * * *
You writhe in agony.
* * * LOW HITPOINT WARNING * * *
Grinder hits you.
You die...

Skill      XL: |  1  2  3 |
---------------+----------+-----
Armour         | 1 |  1.3
Throwing       | 1 |  1.1
Fighting       | |  2.5
Maces & Flails | |  2.5
Dodging        | |  1.9
Spellcasting   | |  2.3
Translocations | |  3.3

Action                   |  1- 3 |  4- 6 || total
-------------------------+-------+-------++-------
Melee: Mace              |   122 |    31 ||   153
       Tailslap          |    14 |     2 ||    16
       Punch             |     3 |       ||     3
Throw: Boomerang         |       |     1 ||     1
 Abil: Rolling Charge    |     2 |     3 ||     5
Armor: Leather armour    |    53 |     9 ||    62
Dodge: Dodged            |    66 |    13 ||    79

Levels and vault maps discovered:
D:1:      eino_arrival_cavern_b, layout_loops_ring, serial_shops, shop_statue,
          shop, nicolae_square_shop, chequers_serial_rivers_small_b
D:2:      layout_loops_corners, nicolae_elevator_lobby_asterisk
D:3:      layout_loops_cross, fedhas_altar_2, nicolae_sif_muna_condensation,
          uniq_terence, uniq_grinder

Notes
Turn   | Place    | Note
-------+----------+-------------------------------------------
     0 | D:1      | MalarOregon the Palentonga Warper began the quest for the
                  | Orb.
     0 | D:1      | Reached XP level 1. HP: 17/17 MP: 3/3
    84 | D:1      | Reached XP level 2. HP: 23/23 MP: 5/5
    98 | D:1      | You pick up a book of Callings and begin reading...
    98 | D:1      | You add the spells Summon Small Mammal, Call Canine
                  | Familiar and Summon Guardian Golem to your library.
   102 | D:1      | Learned a level 2 spell: Blink
   104 | D:1      | Learned a level 1 spell: Summon Small Mammal
   128 | D:1      | Reached skill level 1 in Armour
   315 | D:1      | Found Lanlyaw's Book Emporium.
   667 | D:1      | Found Ymameteh's Weapon Shop.
   724 | D:1      | Reached XP level 3. HP: 27/28 MP: 6/6
   746 | D:1      | Found Pafreg's Distillery.
   842 | D:1      | Reached skill level 1 in Throwing
  1859 | D:2      | Reached XP level 4. HP: 25/36 MP: 7/7
  2196 | D:2      | Identified the ring of Dissent {Fly rElec Str+3}
  2487 | D:3      | Found a blossoming altar of Fedhas.
  2487 | D:3      | Noticed Grinder
  2676 | D:3      | Noticed Terence
  2696 | D:3      | HP: 6/36 [Terence/+0 falchion (5)]
  2987 | D:3      | Paralysed by Grinder for 4 turns
  2996 | D:2      | Paralysed by Grinder for 5 turns
  2997 | D:2      | HP: 8/36 [Grinder (6)]
  2998 | D:2      | Slain by Grinder

Vanquished Creatures
  2 adders (D:2)
  A worm (D:3)
  4 dart slugs
  9 ball pythons
  5 bats
  6 endoplasms
  A goblin (D:1)
  4 hobgoblins
  4 jackals (D:1)
  2 kobolds
  2 quokkas (D:2)
  4 frilled lizards
  5 rats
49 creatures vanquished.

Table legend:
 A = Non-vault XP
 B = Vault XP
 C = Vault XP percentage of total XP
 D = Non-vault monster count
 E = Vault monster count
 F = Vault count percentage of total count
                 A         B        C        D         E       F
            +---------+---------+-------+---------+---------+-------
      Total |     115 |       0 |   0.0 |      49 |       0 |   0.0
            +---------+---------+-------+---------+---------+-------
        D:1 |      46 |       0 |   0.0 |      26 |       0 |   0.0
        D:2 |      56 |       0 |   0.0 |      18 |       0 |   0.0
        D:3 |      13 |       0 |   0.0 |       5 |       0 |   0.0
            +---------+---------+-------+---------+---------+-------

Illustrated notes

Table legend:
 A = Kills in this place as a percentage of kills in entire the game.
 B = Kills by you in this place as a percentage of kills by you in the entire game.
 C = Kills by friends in this place as a percentage of kills by friends in the entire game.
 D = Other kills in this place as a percentage of other kills in the entire game.
 E = Experience gained in this place as a percentage of experience gained in the entire game.
 F = Experience gained in this place divided by the number of levels of this place that you have seen.
                   A       B       C       D       E      F
               +-------+-------+-------+-------+-------+----------------------
         Total | 100.0 | 100.0 |   N/A |   N/A | 100.0 |  38.3
       Dungeon | 100.0 | 100.0 |   N/A |   N/A | 100.0 |  38.3
               +-------+-------+-------+-------+-------+----------------------

Table legend: (Time is in decaauts)
 A = Elapsed time spent in this place.
 B = Non-inter-level travel time spent in this place.
 C = Inter-level travel time spent in this place.
 D = Time resting spent in this place.
 E = Time spent auto-exploring this place.
 F = Levels seen in this place.
 G = Mean time per level.
                   A        B        C        D        E       F      G
               +--------+--------+--------+--------+--------+-----+--------+
         Total |   3050 |   2906 |    144 |    836 |   1552 |   3 | 1016.7 |
       Dungeon |   3050 |   2906 |    144 |    836 |   1552 |   3 | 1016.7 |
               +--------+--------+--------+--------+--------+-----+--------+

Top non-repeatable levels by time:
     D:2: 1586 daAuts
     D:1: 1183 daAuts
     D:3: 281 daAuts
